 Dungeon Crawl Stone Soup version 0.27-a0-1384-g1422d76b99 (webtiles) character file.

Game seed: 9902150360979911718

1164 Tocho the Slasher (level 8, -3/60 HPs)
             Began as a Human Fighter on June 30, 2021.
             Was an Elder of Lugonu.
             Slain by a black bear (6 damage)
             ... on level 6 of the Dungeon.
             The game lasted 00:10:42 (7486 turns).

Tocho the Slasher (Human Fighter)                   Turns: 7486, Time: 00:10:43

Health: -3/60      AC:  1    Str: 19    XL:     8   Next: 67%
Magic:  8/8        EV:  5    Int: 10    God:    Lugonu [****..]
Gold:   245        SH:  9    Dex: 12    Spells: 7/7 levels left

rFire    . . .     SeeInvis .   K - +11 hand axe of the Silent Majority {vamp, rC+ rN+ Int-5}
rCold    + . .     Faith    .   c - +0 kite shield
rNeg     + . .     Spirit   .   O - +0 plate armour
rPois    .         Reflect  .   (no helmet)
rElec    .         Harm     .   P - +0 cloak
rCorr    .         Rampage  .   (no gloves)
Will     +....                  (no boots)
Stlth    ..........             N - amulet of regeneration
HPRegen  1.20/turn              n - ring of willpower
MPRegen  0.11/turn              E - +6 ring of intelligence

@: corroded
A: no striking features
a: Renounce Religion, Depart the Abyss, Bend Space, Banish, Corrupt


You were on level 6 of the Dungeon.
You worshipped Lugonu.
Lugonu was greatly pleased with you.
You visited 1 branch of the dungeon, and saw 6 of its levels.
You also visited: Sewer and Ossuary.

You collected 245 gold pieces.

Inventory:

Hand Weapons
 a - a +0 long sword
 F - a +0 hand crossbow
 K - the +11 hand axe of the Silent Majority (weapon) {vamp, rC+ rN+ Int-5}
   (You found it on level 5 of the Dungeon)

   It inflicts no extra harm, but heals its wielder when it wounds a living foe.
   Int:       It affects your intelligence (-5).
   rC:        It protects you from cold.
   rN:        It protects you from negative energy.
Missiles
 i - 38 arrows
 j - 7 datura-tipped darts
 C - 17 poisoned darts (quivered)
 G - 28 bolts
Armour
 c - a +0 kite shield (worn)
 p - a +1 robe of willpower
 O - a +0 plate armour (worn)
 P - a +0 cloak (worn)
Magical Staves
 r - a staff of cold
Jewellery
 g - an amulet of reflection
 n - a ring of willpower (left hand)
 q - a ring of wizardry
 v - a ring of fire
 E - a +6 ring of intelligence (right hand)
 N - an amulet of regeneration (around neck)
Wands
 f - a wand of flame (27)
 I - a wand of digging (10)
 J - a wand of paralysis (9)
Scrolls
 b - a scroll of fog {unknown}
 k - 2 scrolls of immolation {unknown}
 o - a scroll of torment {unknown}
 s - 3 scrolls of silence {unknown}
 u - 3 scrolls of teleportation
 x - a scroll of enchant armour {unknown}
 y - a scroll of blinking {unknown}
 z - a scroll of enchant weapon {unknown}
 D - a scroll of acquirement {unknown}
 L - a scroll of identify
 M - a scroll of magic mapping {unknown}
 Q - a scroll of holy word {unknown}
Potions
 d - a potion of degeneration {unknown}
 e - 2 potions of haste
 h - a potion of magic {unknown}
 l - a potion of invisibility
 m - 4 potions of curing
 t - a potion of mutation {unknown}
 w - 2 potions of berserk rage {unknown}
 A - a potion of cancellation {unknown}
 B - a potion of ambrosia {unknown}
 H - 2 potions of flight {unknown}


   Skills:
 + Level 4.0 Fighting
 - Level 6.0 Long Blades
 * Level 2.7 Axes
 + Level 0.3 Throwing
 + Level 4.5 Armour
 * Level 3.9 Dodging
 + Level 0.3 Stealth
 + Level 4.7 Shields
 + Level 0.1 Invocations


You had 7 spell levels left.
You didn't know any spells.
Your spell library contained the following spells:

 Spells                   Type           Power      Damage    Failure   Level
 Shock                    Conj/Air       0%         1d3       100%        1
 Static Discharge         Conj/Air       0%         N/A       100%        2
 Swiftness                Air            0%         N/A       100%        3
 Airstrike                Air            0%         N/A       100%        4
 Lightning Bolt           Conj/Air       0%         1d11      100%        5


Dungeon Overview and Level Annotations

Branches:
Dungeon (6/15)              Sewer (visited)         Ossuary (visited)
 Temple: D:4-7

Altars:
Dithmenos
Lugonu


Message History

You hit the jelly.
You feel better.
Your hands burn!
The jelly is heavily wounded.
You hit the black bear.
You feel better. You block the black bear's attack.
The black bear claws you but does no damage.
The black bear claws you. The jelly hits you but does no damage.
The black bear bites you. The black bear claws you.
You block the black bear's attack.
You slash the jelly!
You feel better.
Your hands burn!
The jelly is heavily wounded.
You hit the black bear.
You feel better. You block the jelly's attack.
You block the black bear's attack.
The black bear claws you but does no damage.
The black bear claws you.
You hit the jelly.
You feel better. The acid corrodes you!
Your hands burn!
The jelly is severely wounded.
You hit the black bear.
You feel better. You block the jelly's attack.
The black bear bites you but does no damage.
The black bear claws you. You block the black bear's attack.
The jelly barely misses you.
You hit the jelly but do no damage.
Your hands burn!
The jelly is severely wounded.
You hit the black bear.
You feel better. You block the black bear's attack. The black bear claws you.
The black bear claws you but does no damage.
You block the jelly's attack. The black bear bites you!
The black bear claws you. You block the black bear's attack.
You hit the jelly. The acid corrodes you!
Your hands burn!
The jelly is severely wounded.
You hit the black bear.
You feel better. The jelly hits you but does no damage.
The black bear goes berserk!
You barely miss the jelly.
The jelly is severely wounded.
You hit the black bear but do no damage.
The black bear bites you! The black bear claws you. x2
* * * LOW HITPOINT WARNING * * *
The jelly closely misses you. The black bear bites you!
* * * LOW HITPOINT WARNING * * *
The black bear claws you but does no damage.
The black bear claws you.
You die...

...............'..
...............#..
######.##.##+#####..
#..###.#####.##.....
#.............#.....
#.............#.....
#..(......#####.....
#...##....#.........
#.J@####'##.........
.......h#...............
....#...#..........#####
... #...#......##### .
....#......#
.#...+......#
..###.#......# ..
....###### ...


You could see a black bear (berserk) and a jelly.

Vanquished Creatures
  Eustachio (D:5)
  A water moccasin (D:5)
  Purgy (Sewer)
  An ogre (D:4)
  A phantom (D:5)
  An elf zombie (Ossuary)
  An orc priest (D:5)
  A centaur zombie (D:5)
  4 hounds
  An iguana (D:5)
  A bullfrog skeleton (D:5)
  Jessica (D:2)
  Terence (D:2)
  A scorpion zombie (D:5)
  2 orc wizards (D:5)
  3 mummies (Ossuary)
  A river rat (D:5)
  6 adders
  A white imp (D:5)
  2 adder zombies (Ossuary)
  5 worms
  8 orcs
  6 ball pythons
  5 endoplasms
  A giant cockroach (D:3)
  6 goblins
  7 hobgoblins
  8 jackals
  4 quokkas
  5 bats
  2 frilled lizards (D:1)
  A gnoll zombie (Ossuary)
  5 goblin zombies
  2 hobgoblin zombies (Ossuary)
  13 kobolds
  4 kobold zombies (Ossuary)
  A quokka zombie (Ossuary)
  8 rats
  4 rat zombies
127 creatures vanquished.

Notes
Turn   | Place    | Note
-------+----------+-------------------------------------------
     0 | D:1      | Tocho the Human Fighter began the quest for the Orb.
     0 | D:1      | Reached XP level 1. HP: 18/18 MP: 1/1
   181 | D:1      | Reached XP level 2. HP: 20/24 MP: 2/2
   487 | D:1      | Found a faded altar of an unknown god.
   898 | D:1      | Became a worshipper of Lugonu the Unformed
   898 | D:1      | Reached * piety under Lugonu
   898 | D:1      | Reached ** piety under Lugonu
   966 | D:1      | Reached XP level 3. HP: 21/29 MP: 3/3
  1762 | D:2      | Reached skill level 1 in Dodging
  1762 | D:2      | Reached XP level 4. HP: 26/35 MP: 4/4
  1945 | D:2      | Noticed Jessica
  1946 | D:2      | Noticed Terence
  1962 | D:2      | Killed Terence
  1963 | D:2      | Reached skill level 3 in Long Blades
  1971 | D:2      | Killed Jessica
  1972 | D:2      | Reached XP level 5. HP: 11/41 MP: 5/5
  2457 | D:2      | Found a shadowy altar of Dithmenos.
  4317 | D:4      | Found a sand-covered staircase.
  4325 | Ossuary  | Entered an ossuary
  4339 | Ossuary  | Reached XP level 6. HP: 37/47 MP: 6/6
  4340 | Ossuary  | Reached *** piety under Lugonu
  4341 | Ossuary  | Reached skill level 4 in Long Blades
  5000 | D:4      | Noticed an ogre
  5007 | D:4      | Killed an ogre
  5008 | D:4      | Reached skill level 5 in Long Blades
  5008 | D:4      | Reached XP level 7. HP: 52/52 MP: 7/7
  5350 | D:5      | Entered Level 5 of the Dungeon
  5396 | D:5      | Found a glowing drain.
  5402 | Sewer    | Entered a sewer
  5466 | Sewer    | Noticed Purgy
  5483 | Sewer    | Killed Purgy
  5483 | Sewer    | Reached **** piety under Lugonu
  5937 | D:5      | Noticed a water moccasin
  5970 | D:5      | Killed a water moccasin
  5971 | D:5      | Reached skill level 6 in Long Blades
  5971 | D:5      | Reached XP level 8. HP: 11/60 MP: 8/8
  6367 | D:5      | Identified the +11 hand axe of the Silent Majority {vamp,
                  | rC+ rN+ Int-5}
  6595 | D:5      | Noticed Eustachio
  6613 | D:5      | Killed Eustachio
  6614 | D:5      | Reached skill level 1 in Axes
  7486 | D:6      | HP: 3/60 [black bear (12)]
  7486 | D:6      | Slain by a black bear

Illustrated notes

Levels and vault maps discovered:
D:1:      tarquinn_simple_flora_water_a, layout_loops_corners,
          hellmonk_ecumenical_altar_slurped_away, hangedman_decor_push,
          kennysheep_boxes
D:2:      minmay_general_purpose_star, layout_loops_cross, basic_altar,
          kennysheep_cross_room, st_stairs_13, kennysheep_generic_room_7,
          uniq_jessica, uniq_terence
D:3:      layout_basic, serial_bayou_crossing
D:4:      layout_loops_corners, enter_ossuary_4
D:5:      minmay_evil_eye, layout_basic, lightli_sewer_entry_pipes,
          uniq_eustachio
D:6:      layout_gridville, gammafunk_temple_overflow_statue,
          minmay_temple_entry_grid, uniq_duvessa, uniq_crazy_yiuf_cottage

Skill      XL: |  1  2  3  4  5  6  7  8 |
---------------+-------------------------+-----
Dodging        | 1 2 3 |  3.9
Long Blades    | 3 5 6 |  6.0
Armour         | 4 |  4.5
Shields        | 4 |  4.7
Axes           | 2 |  2.7
Fighting       | 4 |  4.0
Throwing       | |  0.3
Stealth        | |  0.3
Invocations    | |  0.1

Action                   |  1- 3 |  4- 6 |  7- 9 || total
-------------------------+-------+-------+-------++-------
Melee: Long sword        |    88 |   234 |   124 ||   446
       Hand axe          |       |       |    63 ||    63
Throw: Dart              |       |     8 |     5 ||    13
Invok: Bend Space        |       |     1 |       ||     1
  Use: Scroll            |     2 |     2 |       ||     4
       Potion            |       |     2 |     3 ||     5
Armor: Scale mail        |    48 |    31 |       ||    79
       Chain mail        |       |    82 |    65 ||   147
       Plate armour      |       |       |    14 ||    14
Dodge: Dodged            |    40 |    53 |    21 ||   114
Block: Kite shield       |    47 |   215 |   149 ||   411
       Reflection        |       |       |     3 ||     3
       Rpst.: Long sword |    14 |    15 |     3 ||    32

Table legend: (Time is in decaauts)
 A = Elapsed time spent in this place.
 B = Non-inter-level travel time spent in this place.
 C = Inter-level travel time spent in this place.
 D = Time resting spent in this place.
 E = Time spent auto-exploring this place.
 F = Levels seen in this place.
 G = Mean time per level.
                   A        B        C        D        E       F      G
               +--------+--------+--------+--------+--------+-----+--------+
         Total |   7747 |   7232 |    515 |    473 |   5404 |   8 |  968.4 |
       Dungeon |   6949 |   6434 |    515 |    237 |   5134 |   6 | 1158.2 |
         Sewer |    263 |    263 |      0 |      0 |    179 |   1 |  263.0 |
       Ossuary |    534 |    534 |      0 |    236 |     91 |   1 |  534.0 |
               +--------+--------+--------+--------+--------+-----+--------+

Top non-repeatable levels by time:
     D:5: 1841 daAuts
     D:1: 1588 daAuts
     D:2: 1252 daAuts
     D:3: 1116 daAuts
     D:4: 1027 daAuts
 Ossuary: 534 daAuts
   Sewer: 263 daAuts
     D:6: 123 daAuts
